 Dungeon Sprint DCSS version bcrawl-1.23 (webtiles) character file.

Game seed: 8775984691321165622

609 Freyura the Basher (level 7, 0/87 HPs)
             Began as an Ogre Fighter on May 23, 2020.
             Was a Believer of Okawaru.
             Slain by a catoblepas (14 damage)
             ... in the Dungeon (Sprint IX: "|||||||||||||||||||||||||||||").
             The game lasted 00:04:26 (328 turns).

Freyura the Basher (Ogre Fighter)                    Turns: 328, Time: 00:04:28

Health: 0/87       AC:  5    Str: 23    XL:     7   Next: 43%
Magic:  10/11      EV:  8    Int:  9    God:    Okawaru [**....]
Gold:   0          SH:  0    Dex:  8    Spells: 6/6 levels left

rFire    . . .     SeeInvis .   a - +0 giant spiked club
rCold    . . .     Gourm    .   (shield currently unavailable)
rNeg     . . .     Faith    .   c - +0 troll leather armour
rPois    .         Spirit   .   (helmet restricted)
rElec    .         Reflect  .   (no cloak)
rCorr    .         Harm     .   (gloves unavailable)
MR       .....     NoTele   +   (boots unavailable)
Stlth    ++........             (no amulet)
HPRegen  0.64/turn              p - +2 ring of evasion
MPRegen  0.12/turn              (no ring)

@: heroism, petrifying (expiring), very slightly contaminated, very slow
A: large, unfitting armour, tough skin 1
a: Heroism, Renounce Religion


You were in the Dungeon.
You worshipped Okawaru.
Okawaru was pleased with you.
You were not hungry.

You visited 1 branch

Inventory:

Hand Weapons
 a - a +0 giant spiked club (weapon)
Armour
 c - a +0 troll leather armour (worn)
Jewellery
 p - a +2 ring of evasion (left hand)
Wands
 n - a wand of iceblast (10)
Scrolls
 k - 2 scrolls of blinking
 l - 3 scrolls of remove curse
 m - 2 scrolls of amnesia
Potions
 f - 5 potions of curing
 g - 3 potions of heal wounds
 h - a potion of haste
 i - 4 potions of magic
Comestibles
 e - a ration {!d}


   Skills:
 + Level 10.3(15.3) Fighting
 * Level 12.3(17.3) Maces & Flails
 + Level 7.3(12.3) Dodging
   Level 2.6(7.6) Shields
 + Level 5.5 Invocations


You had 6 spell levels left.
You didn't know any spells.
Your spell library was empty.

Dungeon Overview and Level Annotations

Branches:
Dungeon (1/1)

Altars:
Cheibriados
Dithmenos
Elyvilon
Fedhas
Gozag
Hepliaklqana
Kikubaaqudgha
Lugonu
Makhleb
Nemelex Xobeh
Okawaru
Qazlal
Ru
Sif Muna
Trog
Uskayaw
Vehumet
Wu Jian
Xom
Yredelemnul
Zin
The Shining One
Beogh
Jiyva


Innate Abilities, Weirdness & Mutations

You are too large for most types of armour.
You have tough skin. (AC +1)


Message History

You are engulfed in calcifying dust.
The catoblepas gores you!! The catoblepas gores you.
The catoblepas gores you but does no damage.
The catoblepas gores you!
The catoblepas breathes a plume of calcifying dust at you.
The blast of calcifying dust hits you.
You are engulfed in calcifying dust.
The catoblepas gores you!
You turn to flesh and can move again.
You hit the catoblepas.
The catoblepas is lightly wounded.
You are engulfed in calcifying dust.
You are slowing down.
The catoblepas gores you!!
You beat the catoblepas like a drum!!!
The catoblepas is severely wounded.
You are engulfed in calcifying dust.
Your limbs have turned to stone.
The catoblepas gores you!!
* * * LOW HITPOINT WARNING * * *
The catoblepas gores you!!
You die... ▓▓▓▓▓▓▓▓▓▓▓▓▓▓▓▓▓▓▓▓▓▓▓▓ .TCoJCY@§§).§'.[[[[)|..' ▓▓▓▓▓▓▓▓▓▓▓▓▓▓▓▓▓▓▓▓▓▓▓▓

You could see a catoblepas, 2 cyclopes, a troll, an orc warrior and a jelly.

Vanquished Creatures
  A troll (D)
  A black bear (D)
  2 ogres (D)
  A centaur (D)
  A gnoll sergeant (D)
  A crimson imp (D)
  A hound (D)
  An orc priest (D)
  An ooze (D)
  A dart slug (D)
  A bat zombie (D)
  A hobgoblin (D)
  2 frilled lizards (D)
  A rat (D)
16 creatures vanquished.

Vanquished Creatures (others)
  A spatial maelstrom (D)
1 creature vanquished.

Grand Total: 17 creatures vanquished

Notes
Turn   | Place    | Note
-------+----------+-------------------------------------------
     0 | D        | Freyura the Ogre Fighter began the quest for the Orb.
     0 | D        | Reached XP level 1. HP: 24/24 MP: 1/1
     2 | D        | Banished a spatial maelstrom
     8 | D        | Reached skill level 3 in Maces & Flails
    13 | D        | Reached skill level 4 in Maces & Flails
    13 | D        | Reached XP level 2. HP: 20/33 MP: 2/2
   159 | D        | Noticed an ogre
   159 | D        | Noticed a crimson imp
   169 | D        | Killed a crimson imp
   169 | D        | Reached skill level 5 in Fighting
   169 | D        | Reached skill level 6 in Maces & Flails
   169 | D        | Reached XP level 3. HP: 44/44 MP: 3/3
   172 | D        | Reached skill level 7 in Maces & Flails
   172 | D        | Reached XP level 4. HP: 53/53 MP: 4/4
   175 | D        | Killed an ogre
   175 | D        | Reached skill level 9 in Maces & Flails
   175 | D        | Reached skill level 5 in Dodging
   175 | D        | Reached XP level 5. HP: 63/63 MP: 5/5
   184 | D        | Found a roughly hewn altar of Beogh.
   184 | D        | Found a snail-covered altar of Cheibriados.
   184 | D        | Found a shadowy altar of Dithmenos.
   184 | D        | Found a white marble altar of Elyvilon.
   184 | D        | Found a blossoming altar of Fedhas.
   184 | D        | Found an opulent altar of Gozag.
   185 | D        | Found a hazy altar of Hepliaklqana.
   186 | D        | Found a viscous altar of Jiyva.
   187 | D        | Found an ancient bone altar of Kikubaaqudgha.
   188 | D        | Found a corrupted altar of Lugonu.
   189 | D        | Found a burning altar of Makhleb.
   190 | D        | Found a sparkling altar of Nemelex Xobeh.
   191 | D        | Found an iron altar of Okawaru.
   192 | D        | Found a stormy altar of Qazlal.
   193 | D        | Found a sacrificial altar of Ru.
   194 | D        | Found a shimmering blue altar of Sif Muna.
   195 | D        | Found a bloodstained altar of Trog.
   196 | D        | Found a hide-covered altar of Uskayaw.
   197 | D        | Found a radiant altar of Vehumet.
   198 | D        | Found an ornate altar of the Wu Jian Council.
   199 | D        | Became a worshipper of Warmaster Okawaru
   200 | D        | Found a shimmering altar of Xom.
   201 | D        | Found a basalt altar of Yredelemnul.
   202 | D        | Found a glowing silver altar of Zin.
   203 | D        | Found a glowing golden altar of the Shining One.
   253 | D        | Noticed a centaur
   253 | D        | Noticed a black bear
   253 | D        | Noticed a troll
   253 | D        | Noticed an ogre
   257 | D        | Killed an ogre
   257 | D        | Reached skill level 10 in Maces & Flails
   257 | D        | Reached XP level 6. HP: 71/74 MP: 5/8
   263 | D        | Killed a troll
   263 | D        | Reached * piety under Okawaru
   263 | D        | Reached skill level 11 in Maces & Flails
   264 | D        | Killed a black bear
   264 | D        | Reached XP level 7. HP: 72/84 MP: 5/10
   267 | D        | Reached skill level 10 in Fighting
   267 | D        | Reached skill level 12 in Maces & Flails
   267 | D        | Reached skill level 5 in Invocations
   270 | D        | Reached ** piety under Okawaru
   317 | D        | Noticed a troll
   317 | D        | Noticed a cyclops
   317 | D        | Noticed a cyclops
   317 | D        | Noticed a catoblepas
   328 | D        | Slain by a catoblepas

Skill      XL: |  1  2  3  4  5  6  7 |
---------------+----------------------+-----
Maces & Flails | 4 6 7 9 10 11 12 | 12.3
Dodging        | 3 4 5 6 7 |  7.3
Fighting       | 5 6 7 8 9 10 | 10.3
Invocations    | 2 4 5 |  5.5
Shields        | |  2.6

Action                   |  1- 3 |  4- 6 |  7- 9 || total
-------------------------+-------+-------+-------++-------
Melee: Flail             |    24 |     4 |       ||    28
       Giant club        |       |    10 |     4 ||    14
       Giant spiked club |       |       |     3 ||     3
Invok: Heroism           |       |       |     1 ||     1
  Use: Potion            |     2 |     1 |       ||     3
 Stab: Invisible         |       |     2 |     1 ||     3
Armor: Robe              |     4 |       |       ||     4
       Troll leather arm |       |       |     1 ||     1
Dodge: Dodged            |     4 |     8 |     3 ||    15
Block: Medium shield     |     8 |       |       ||     8
